Admirals vs Falcons

Created - Friday, January 16, 2015 at 23:25

Goals
1 2 3 T
Admirals 0 1 0 1
Falcons 0 1 2 3
Shots
1 2 3 T
Admirals 3 19 6 28
Falcons 3 7 13 23

1st period

No Goal

Penalties :
Carl Klingberg (SPR) for Kneeing (Major) at 15:50

2nd period

1. Falcons , Drew Shore 8 (Chris Thorburn, Jordan Weal) at 7:22 (PP)
2. Admirals , Carter Camper 2 (Ryan Bourque, Carter Ashton) at 15:01

Penalties :
Scott Ford (NOR) for Interference (Minor) at 7:16, Chris Thorburn (SPR) for Fighting (Major) at 18:09, Carter Ashton (NOR) for Fighting (Major) at 18:09, Darryl Boyce (NOR) for Tripping (Minor) at 19:48

3rd period

3. Falcons , Quinton Howden 31 (Brian Connelly) at 1:02 (PP)
4. Falcons , Chad Ruhwedel 1 (Cal O'Reilly, Kevin Connauton) at 2:18 (PP)

Penalties :
Farm Player11 (NOR) for Roughing (Minor) at 2:07, Brian Connelly (SPR) for Slashing (Minor) at 6:36, Brian Dumoulin (SPR) for Hooking (Minor) at 18:46

Goalie Stats

David LeNeveu (NOR), 20 saves from 23 shots - (0.870), L, 12-9-3, 60:00 minutes
Troy Grosenick (SPR), 27 saves from 28 shots - (0.964), W, 23-19-5, 60:00 minutes

Players Stats for Admirals

Player Name              G  A  P  +/- PIM S  H  SB GA TA FO     MP     PP MP  PK MP  
------------------------------------------------------------------------------------
Brayden Irwin            0  0  0   0  0   0  1  0  0  0  2/2     8:47   0:00   0:00 
Bryan Rodney             0  0  0   0  0   1  2  4  0  2  0/0    24:54   4:39   1:25 
Carter Ashton            0  1  1   1  5   2  1  0  2  1  0/0    13:56   0:52   0:00 
Carter Camper            1  0  1   1  0   4  2  0  4  0  8/12   18:30   4:10   0:00 
Darryl Boyce             0  0  0   0  2   2  1  1  0  0  0/0    17:07   3:32   0:00 
Farm Player11            0  0  0   0  2   0  0  0  1  0  0/0    15:21   0:29   0:00 
Farm Player2             0  0  0   1  0   0  0  0  0  0  0/0    20:43   3:00   0:06 
Farm Player43            0  0  0   0  0   0  0  0  0  1  0/0    15:25   0:32   0:00 
Jean-Gabriel Pageau      0  0  0   0  0   3  1  0  0  0  5/15   15:20   0:00   0:00 
Jerry D'Amigo            0  0  0   0  0   3  1  1  2  0  1/5    20:58   3:54   1:31 
Jonathan Marchessault    0  0  0   0  0   2  1  0  1  1  0/0    21:14   4:10   1:31 
Maxime Langelier-Parent  0  0  0   0  0   0  0  0  0  0  0/0     0:00   0:00   0:00 
Mike Sislo               0  0  0   0  0   1  1  0  0  0  0/0     7:02   0:00   0:00 
Mike Zigomanis           0  0  0   0  0   5  2  3  0  3  4/5    20:04   2:42   0:00 
Nathan McIver            0  0  0   1  0   0  1  1  0  1  0/0    20:13   3:32   0:06 
Ryan Bourque             0  1  1   1  0   2  2  0  0  0  0/0    16:50   1:12   0:00 
Scott Ford               0  0  0   0  2   1  0  2  0  2  0/0    24:53   4:39   1:25 
Sven Andrighetto         0  0  0   0  0   2  2  1  1  0  0/0    17:08   3:32   0:00 

Players Stats for Falcons

Player Name              G  A  P  +/- PIM S  H  SB GA TA FO     MP     PP MP  PK MP  
------------------------------------------------------------------------------------
Austin Watson            0  0  0  -1  0   4  1  0  2  0  4/11   20:03   0:22   1:36 
Brian Connelly           0  1  1   0  2   1  4  1  0  2  0/0    24:22   0:24   1:50 
Brian Dumoulin           0  0  0   0  2   0  1  0  0  0  0/0    10:15   0:00   0:35 
Cal O'Reilly             0  1  1   0  0   0  2  0  3  0  3/4    21:16   0:52   3:56 
Carl Klingberg           0  0  0   0  5   0  0  0  1  0  0/0     3:24   0:00   0:02 
Chad Ruhwedel            1  0  1  -1  0   3  0  4  1  1  0/0    28:12   1:07   5:34 
Chris Thorburn           0  1  1   0  5   2  2  1  3  0  0/1    17:28   0:06   2:35 
Drew Shore               1  0  1   0  0   4  1  1  2  0  0/0    19:02   1:09   0:00 
Jeff Hoggan              0  0  0   0  0   0  0  0  0  0  0/0     1:22   0:00   1:00 
Jeff Taffe               0  0  0   0  0   0  3  2  0  0  1/2    17:32   0:00   2:05 
Jordan Weal              0  1  1   0  0   1  3  0  0  0  10/18  22:34   1:09   4:06 
Kevin Connauton          0  1  1  -1  0   0  0  2  2  0  0/0    28:32   1:01   5:09 
Matt Ellis               0  0  0   0  0   1  1  0  0  0  0/0    11:49   0:00   1:02 
Mitch Callahan           0  0  0  -1  0   1  3  0  0  0  1/3    19:20   0:33   0:00 
Nick Shore               0  0  0   0  0   0  0  0  0  0  0/0     0:00   0:00   0:00 
Quinton Howden           1  0  1  -1  0   5  1  0  2  1  0/0    17:43   0:22   0:00 
Radek Martinek           0  0  0   0  0   0  0  0  1  1  0/0     5:04   0:30   0:00 
Tyson Strachan           0  0  0   0  0   1  2  0  0  0  0/0    23:47   0:00   3:14 

3 Stars

1 - Troy Grosenick (SPR)
2 - Carter Camper (NOR)
3 - Drew Shore (SPR)

Power Play

Admirals - 0 on 3 Attempt(s) - 0.00%
Falcons - 3 on 3 Attempt(s) - 100.00%

Penalty Kill

Admirals - 0 on 3 Attempt(s) - 0.00% - Score 0 goal in Penalty Kill
Falcons - 3 on 3 Attempt(s) - 100.00% - Score 0 goal in Penalty Kill

Team Stat

Admirals - Hits : 18 - Faceoff Wins : 20 - Blocked Shots : 13 - Penalty Minutes : 11
Falcons - Hits : 24 - Faceoff Wins : 19 - Blocked Shots : 11 - Penalty Minutes : 14

Official

Referees : Unknown
Linesman : Unknown

Game Notes

Carter Ashton beats up Chris Thorburn at 18:09 of 2nd period

Finance

Level 1 -- Attendance: 1473 (73.65%) -- Ticket Income $51,555
Level 2 -- Attendance: 752 (75.20%) -- Ticket Income $11,280
Total Attendance: 2225 (74.17%)
Total Ticket Income: $62,835
Other Income: $30,789
Total Income: $93,624

Admirals

5 vs 5 Forward 
   Center                   Left Wing                Right Wing               Time % Phy DF OF 
 1 Jean-Gabriel Pageau      Jonathan Marchessault    Jerry D'Amigo            35     1   2  2  
 2 Mike Zigomanis           Darryl Boyce             Sven Andrighetto         30     1   2  2  
 3 Carter Camper            Ryan Bourque             Carter Ashton            22     1   2  2  
 4 Brayden Irwin            Mike Zigomanis           Mike Sislo               13     1   2  2  

5 vs 5 Defense 
   Defense                  Defense                                           Time % Phy DF OF 
 1 Bryan Rodney             Scott Ford                                        35     1   2  2  
 2 Nathan McIver            Farm Player2                                      30     1   2  2  
 3 Farm Player43            Farm Player11                                     22     1   2  2  
 4 Bryan Rodney             Scott Ford                                        13     1   2  2  

PowerPlay Forward 
   Center                   Left Wing                Right Wing               Time % Phy DF OF 
 1 Carter Camper            Jonathan Marchessault    Jerry D'Amigo            60     1   2  2  
 2 Mike Zigomanis           Darryl Boyce             Sven Andrighetto         40     1   2  2  

PowerPlay Defense
   Defense                  Defense                                           Time % Phy DF OF 
 1 Bryan Rodney             Scott Ford                                        60     1   2  2  
 2 Nathan McIver            Farm Player2                                      40     1   2  2  

Penalty Kill 4 Players Forward 
   Center                   Wing                     Time % Phy DF OF 
 1 Jerry D'Amigo            Jonathan Marchessault    60     1   2  2  
 2 Mike Zigomanis           Carter Camper            40     1   2  2  

Penalty Kill 4 Players Defense
   Defense                  Defense                  Time % Phy DF OF 
 1 Bryan Rodney             Scott Ford               60     1   2  2  
 2 Nathan McIver            Farm Player2             40     1   2  2  

Penalty Kill - 3 Players Forward 
   Forward                                           Time % Phy DF OF 
 1 Mike Zigomanis                                    60     1   2  2  
 2 Jonathan Marchessault                             40     1   2  2  

Penalty Kill - 3 Players Defense
   Defense                  Defense                  Time % Phy DF OF 
 1 Bryan Rodney             Scott Ford               60     1   2  2  
 2 Nathan McIver            Farm Player2             40     1   2  2  

4 vs 4 Forward 
   Center                   Wing                     Time % Phy DF OF 
 1 Jerry D'Amigo            Jonathan Marchessault    60     1   2  2  
 2 Mike Zigomanis           Carter Camper            40     1   2  2  

4 vs 4 Defense
   Defense                  Defense                  Time % Phy DF OF 
 1 Bryan Rodney             Scott Ford               60     1   2  2  
 2 Nathan McIver            Farm Player2             40     1   2  2  

Last Minutes Offensive
   Center                   Left Wing                Right Wing               Defense                  Defense                  
   Jean-Gabriel Pageau      Jonathan Marchessault    Jerry D'Amigo            Bryan Rodney             Scott Ford               

Last Minutes Defensive
   Center                   Left Wing                Right Wing               Defense                  Defense                  
   Jean-Gabriel Pageau      Jonathan Marchessault    Jerry D'Amigo            Bryan Rodney             Scott Ford               

Goaltenders
Starting : David LeNeveu            
Backup : Brad Thiessen            

Extra Forwards
Normal : Ryan Bourque, Carter Ashton, Brayden Irwin - PP : Ryan Bourque, Carter Ashton - PK : Brayden Irwin
Extra Defensemen
Normal : Farm Player43, Farm Player11, Nathan McIver - PP : Farm Player43 - PK : Farm Player11, Nathan McIver
Penalty Shots
Farm Player2, Jonathan Marchessault, Mike Zigomanis, Carter Camper, Jerry D'Amigo

Falcons

5 vs 5 Forward 
   Center                   Left Wing                Right Wing               Time % Phy DF OF 
 1 Jordan Weal              Drew Shore               Chris Thorburn           35     1   2  2  
 2 Austin Watson            Quinton Howden           Mitch Callahan           30     1   2  2  
 3 Jordan Weal              Drew Shore               Matt Ellis               22     1   2  2  
 4 Cal O'Reilly             Drew Shore               Jeff Taffe               13     1   2  2  

5 vs 5 Defense 
   Defense                  Defense                                           Time % Phy DF OF 
 1 Tyson Strachan           Kevin Connauton                                   35     1   2  2  
 2 Chad Ruhwedel            Brian Connelly                                    30     1   2  2  
 3 Chad Ruhwedel            Kevin Connauton                                   22     1   2  2  
 4 Brian Connelly           Kevin Connauton                                   13     1   2  2  

PowerPlay Forward 
   Center                   Left Wing                Right Wing               Time % Phy DF OF 
 1 Jordan Weal              Drew Shore               Chris Thorburn           60     1   2  2  
 2 Austin Watson            Quinton Howden           Mitch Callahan           40     1   2  2  

PowerPlay Defense
   Defense                  Defense                                           Time % Phy DF OF 
 1 Chad Ruhwedel            Kevin Connauton                                   60     1   2  2  
 2 Radek Martinek           Brian Connelly                                    40     1   2  2  

Penalty Kill 4 Players Forward 
   Center                   Wing                     Time % Phy DF OF 
 1 Jordan Weal              Cal O'Reilly             60     1   2  2  
 2 Chris Thorburn           Austin Watson            40     1   2  2  

Penalty Kill 4 Players Defense
   Defense                  Defense                  Time % Phy DF OF 
 1 Chad Ruhwedel            Kevin Connauton          60     1   2  2  
 2 Tyson Strachan           Brian Connelly           40     1   2  2  

Penalty Kill - 3 Players Forward 
   Forward                                           Time % Phy DF OF 
 1 Chris Thorburn                                    60     1   2  2  
 2 Austin Watson                                     40     1   2  2  

Penalty Kill - 3 Players Defense
   Defense                  Defense                  Time % Phy DF OF 
 1 Tyson Strachan           Kevin Connauton          60     1   2  2  
 2 Chad Ruhwedel            Brian Connelly           40     1   2  2  

4 vs 4 Forward 
   Center                   Wing                     Time % Phy DF OF 
 1 Cal O'Reilly             Jordan Weal              60     1   2  2  
 2 Chris Thorburn           Austin Watson            40     1   2  2  

4 vs 4 Defense
   Defense                  Defense                  Time % Phy DF OF 
 1 Chad Ruhwedel            Tyson Strachan           60     1   2  2  
 2 Kevin Connauton          Brian Connelly           40     1   2  2  

Last Minutes Offensive
   Center                   Left Wing                Right Wing               Defense                  Defense                  
   Austin Watson            Drew Shore               Chris Thorburn           Tyson Strachan           Kevin Connauton          

Last Minutes Defensive
   Center                   Left Wing                Right Wing               Defense                  Defense                  
   Austin Watson            Drew Shore               Chris Thorburn           Tyson Strachan           Kevin Connauton          

Goaltenders
Starting : Troy Grosenick           
Backup : Farm Player77            

Extra Forwards
Normal : Jordan Weal, Cal O'Reilly, Chris Thorburn - PP : Jordan Weal, Cal O'Reilly - PK : Chris Thorburn
Extra Defensemen
Normal : Brian Connelly, Kevin Connauton, Chad Ruhwedel - PP : Kevin Connauton - PK : Kevin Connauton, Brian Connelly
Penalty Shots
Cal O'Reilly, Drew Shore, Chris Thorburn, Austin Watson, Jordan Weal

% Time on Ice - Admirals

Lines # - Real PCT - Wanted PCT - Time Play
Normal Forward
1 - 31% - 35% - 15:33
2 - 27% - 30% - 13:36
3 - 28% - 22% - 14:07
4 - 14% - 13% - 7:02
Normal Defense
1 - 31% - 35% - 15:33
2 - 33% - 30% - 16:35
3 - 30% - 22% - 14:53
4 - 7% - 13% - 3:17
PP Forward
1 - 57% - 60% - 4:39
2 - 43% - 40% - 3:32
PP Defense
1 - 57% - 60% - 4:39
2 - 43% - 40% - 3:32
PK Forward
1 - 100% - 60% - 1:31
2 - 0% - 40% - 0:00
PK Defense
1 - 93% - 60% - 1:25
2 - 7% - 40% - 0:06
PK3 Forward
1 - 0% - 60%
2 - 0% - 40%
PK3 Defense
1 - 0% - 60%
2 - 0% - 40%
44 Forward
1 - 0% - 60%
2 - 0% - 40%
44 Defense
1 - 0% - 60%
2 - 0% - 40%
Last Minute Offensive  - 0:00
Last Minute Defensive  - 0:00
Total
Forward - 60:00
Defense - 60:00

% Time on Ice - Falcons

Lines # - Real PCT - Wanted PCT - Time Play
Normal Forward
1 - 19% - 35% - 9:27
2 - 37% - 30% - 18:37
3 - 21% - 22% - 10:47
4 - 23% - 13% - 11:27
Normal Defense
1 - 38% - 35% - 19:20
2 - 35% - 30% - 17:51
3 - 15% - 22% - 7:37
4 - 11% - 13% - 5:30
PP Forward
1 - 76% - 60% - 1:09
2 - 24% - 40% - 0:22
PP Defense
1 - 67% - 60% - 1:01
2 - 33% - 40% - 0:30
PK Forward
1 - 88% - 60% - 7:11
2 - 12% - 40% - 1:00
PK Defense
1 - 53% - 60% - 4:22
2 - 47% - 40% - 3:49
PK3 Forward
1 - 0% - 60%
2 - 0% - 40%
PK3 Defense
1 - 0% - 60%
2 - 0% - 40%
44 Forward
1 - 0% - 60%
2 - 0% - 40%
44 Defense
1 - 0% - 60%
2 - 0% - 40%
Last Minute Offensive  - 0:00
Last Minute Defensive  - 0:00
Total
Forward - 60:00
Defense - 60:00

Play by Play

1st period


0:01 of 1st period - Jordan Weal wins face-off versus Jean-Gabriel Pageau in neutral zone.
0:52 of 1st period - Quinton Howden is hit by Sven Andrighetto and loses puck.
1:12 of 1st period - Snap shot by Quinton Howden.
1:12 of 1st period - Stopped by David LeNeveu with a rebound.
1:14 of 1st period - Slapshot by Chad Ruhwedel.
1:14 of 1st period - Shot Blocked by Darryl Boyce.
2:04 of 1st period - Chad Ruhwedel is hit by Mike Zigomanis and loses puck.
2:16 of 1st period - Darryl Boyce is hit by Jordan Weal.
3:13 of 1st period - Ryan Bourque is hit by Jeff Taffe and loses puck.
4:13 of 1st period - Wrist shot by Jerry D'Amigo.
4:13 of 1st period - Deflect By Jonathan Marchessault.
4:13 of 1st period - Shot Misses the Net.
4:13 of 1st period - Puck is out of play.
4:14 of 1st period - Cal O'Reilly wins face-off versus Jean-Gabriel Pageau in Falcons zone.
4:20 of 1st period - Off-side.
4:21 of 1st period - Cal O'Reilly wins face-off versus Jean-Gabriel Pageau in neutral zone.
5:04 of 1st period - Jeff Taffe is hit by Mike Sislo and loses puck.
5:44 of 1st period - Icing by Tyson Strachan.
5:45 of 1st period - Jordan Weal wins face-off versus Mike Zigomanis in Falcons zone.
6:27 of 1st period - Icing by Ryan Bourque.
6:28 of 1st period - Austin Watson wins face-off versus Carter Camper in Admirals zone.
6:42 of 1st period - Snap shot by Mitch Callahan.
6:42 of 1st period - Stopped by David LeNeveu with a rebound.
6:58 of 1st period - Jonathan Marchessault is hit by Cal O'Reilly and loses puck.
7:25 of 1st period - Mike Sislo is hit by Brian Connelly and loses puck.
7:32 of 1st period - Brayden Irwin is hit by Quinton Howden and loses puck.
8:00 of 1st period - Slapshot by Mike Zigomanis.
8:00 of 1st period - Stopped by Troy Grosenick with a rebound.
8:46 of 1st period - Bryan Rodney is hit by Brian Dumoulin and loses puck.
9:50 of 1st period - Mike Sislo is hit by Brian Connelly.
10:12 of 1st period - Chris Thorburn is hit by Jerry D'Amigo.
10:24 of 1st period - Quinton Howden is hit by Bryan Rodney and loses puck.
11:07 of 1st period - Chris Thorburn is hit by Darryl Boyce and loses puck.
11:20 of 1st period - Darryl Boyce is hit by Drew Shore.
11:34 of 1st period - Icing by Jeff Taffe.
11:35 of 1st period - Cal O'Reilly wins face-off versus Jean-Gabriel Pageau in Falcons zone.
12:24 of 1st period - Wrist shot by Mitch Callahan.
12:24 of 1st period - Shot Misses the Net.
12:26 of 1st period - Wrist shot by Austin Watson.
12:26 of 1st period - Deflect By Ryan Bourque.
12:26 of 1st period - Stopped by David LeNeveu with a rebound.
12:38 of 1st period - Carl Klingberg is hit by Bryan Rodney and loses puck.
15:12 of 1st period - Radek Martinek is hit by Carter Ashton and loses puck.
15:50 of 1st period - Major Penalty to Carl Klingberg for Kneeing.
15:51 of 1st period - Carter Camper wins face-off versus Jordan Weal in Falcons zone.
16:10 of 1st period - Off-side.
16:11 of 1st period - Carter Camper wins face-off versus Jeff Taffe in neutral zone.
16:28 of 1st period - Wrist shot by Sven Andrighetto.
16:28 of 1st period - Deflect By Mike Zigomanis.
16:28 of 1st period - Stopped by Troy Grosenick with a rebound.
16:30 of 1st period - Snap shot by Darryl Boyce.
16:30 of 1st period - Stopped by Troy Grosenick with a rebound.
16:32 of 1st period - Snap shot by Bryan Rodney.
16:32 of 1st period - Shot Misses the Net.
18:00 of 1st period - Snap shot by Darryl Boyce.
18:00 of 1st period - Shot Misses the Net.
18:54 of 1st period - Tyson Strachan is hit by Jonathan Marchessault and loses puck.
19:19 of 1st period - Sven Andrighetto is hit by Tyson Strachan.
Goals for this period are 0 for Admirals vs 0 for Falcons.
Shots for this period are 3 for Admirals vs 3 for Falcons.

2nd period


0:01 of 2nd period - Jordan Weal wins face-off versus Carter Camper in neutral zone.
0:50 of 2nd period - Penalty to Carl Klingberg is over, Carl Klingberg is back on ice.
0:51 of 2nd period - Darryl Boyce is hit by Chris Thorburn and loses puck.
1:13 of 2nd period - Snap shot by Chris Thorburn.
1:13 of 2nd period - Stopped by David LeNeveu with a rebound.
1:15 of 2nd period - Slapshot by Austin Watson.
1:15 of 2nd period - Stopped by David LeNeveu with a rebound.
1:17 of 2nd period - Snap shot by Carl Klingberg.
1:17 of 2nd period - Shot Misses the Net.
1:19 of 2nd period - Snap shot by Chad Ruhwedel.
1:19 of 2nd period - Shot Blocked by Mike Zigomanis.
1:31 of 2nd period - Sven Andrighetto is hit by Jordan Weal.
2:06 of 2nd period - Wrist shot by Ryan Bourque.
2:06 of 2nd period - Stopped by Troy Grosenick with a rebound.
2:17 of 2nd period - Off-side.
2:18 of 2nd period - Jean-Gabriel Pageau wins face-off versus Austin Watson in neutral zone.
2:34 of 2nd period - Snap shot by Kevin Connauton.
2:34 of 2nd period - Shot Misses the Net.
3:10 of 2nd period - Brian Connelly is hit by Mike Zigomanis and loses puck.
3:26 of 2nd period - Brayden Irwin is hit by Jeff Taffe and loses puck.
4:50 of 2nd period - Mike Zigomanis is hit by Mitch Callahan and loses puck.
6:00 of 2nd period - Icing by Tyson Strachan.
6:01 of 2nd period - Brayden Irwin wins face-off versus Cal O'Reilly in Falcons zone.
6:02 of 2nd period - Wrist shot by Mike Zigomanis.
6:02 of 2nd period - Stopped by Troy Grosenick with a rebound.
6:27 of 2nd period - Slapshot by Carter Ashton.
6:27 of 2nd period - Stopped by Troy Grosenick with a rebound.
6:29 of 2nd period - Wrist shot by Carter Camper.
6:29 of 2nd period - Stopped by Troy Grosenick with a rebound.
7:16 of 2nd period - Minor Penalty to Scott Ford for Interference.
7:17 of 2nd period - Jordan Weal wins face-off versus Jerry D'Amigo in Admirals zone.
7:22 of 2nd period - Wrist shot by Drew Shore.
7:22 of 2nd period - Goal by Drew Shore - Admirals : 0 - Falcons : 1.
7:23 of 2nd period - Jordan Weal wins face-off versus Carter Camper in neutral zone.
7:38 of 2nd period - Snap shot by Chris Thorburn.
7:38 of 2nd period - Shot Misses the Net.
8:00 of 2nd period - Snap shot by Carter Ashton.
8:00 of 2nd period - Stopped by Troy Grosenick with a rebound.
8:18 of 2nd period - Matt Ellis is hit by Nathan McIver and loses puck.
9:25 of 2nd period - Snap shot by Chris Thorburn.
9:25 of 2nd period - Stopped by David LeNeveu without a rebound.
9:26 of 2nd period - Brayden Irwin wins face-off versus Jordan Weal in Admirals zone.
9:48 of 2nd period - Wrist shot by Quinton Howden.
9:48 of 2nd period - Shot Misses the Net.
9:50 of 2nd period - Wrist shot by Austin Watson.
9:50 of 2nd period - Shot Blocked by Mike Zigomanis.
10:22 of 2nd period - Slapshot by Drew Shore.
10:22 of 2nd period - Shot Misses the Net.
10:24 of 2nd period - Wrist shot by Drew Shore.
10:24 of 2nd period - Stopped by David LeNeveu with a rebound.
11:05 of 2nd period - Snap shot by Quinton Howden.
11:05 of 2nd period - Shot Blocked by Jerry D'Amigo.
11:23 of 2nd period - Wrist shot by Jonathan Marchessault.
11:23 of 2nd period - Shot Misses the Net.
11:25 of 2nd period - Backhand shot by Nathan McIver.
11:25 of 2nd period - Shot Misses the Net.
11:27 of 2nd period - Slapshot by Jonathan Marchessault.
11:27 of 2nd period - Shot Misses the Net.
12:29 of 2nd period - Snap shot by Mike Sislo.
12:29 of 2nd period - Stopped by Troy Grosenick with a rebound.
12:51 of 2nd period - Backhand shot by Jerry D'Amigo.
12:51 of 2nd period - Shot Hit the Post.
12:59 of 2nd period - Snap shot by Jean-Gabriel Pageau.
12:59 of 2nd period - Stopped by Troy Grosenick with a rebound.
13:01 of 2nd period - Snap shot by Jonathan Marchessault.
13:01 of 2nd period - Shot Blocked by Chris Thorburn.
13:19 of 2nd period - Slapshot by Matt Ellis.
13:19 of 2nd period - Stopped by David LeNeveu with a rebound.
14:06 of 2nd period - Icing by Radek Martinek.
14:07 of 2nd period - Jeff Taffe wins face-off versus Carter Camper in Falcons zone.
14:27 of 2nd period - Wrist shot by Carter Camper.
14:27 of 2nd period - Stopped by Troy Grosenick without a rebound.
14:28 of 2nd period - Jordan Weal wins face-off versus Jean-Gabriel Pageau in Falcons zone.
14:49 of 2nd period - Snap shot by Jonathan Marchessault.
14:49 of 2nd period - Stopped by Troy Grosenick without a rebound.
14:50 of 2nd period - Carter Camper wins face-off versus Mitch Callahan in Falcons zone.
14:57 of 2nd period - Backhand shot by Carter Camper.
14:57 of 2nd period - Stopped by Troy Grosenick with a rebound.
14:59 of 2nd period - Snap shot by Ryan Bourque.
14:59 of 2nd period - Shot Misses the Net.
15:01 of 2nd period - Wrist shot by Carter Camper.
15:01 of 2nd period - Goal by Carter Camper - Admirals : 1 - Falcons : 1.
15:02 of 2nd period - Jean-Gabriel Pageau wins face-off versus Austin Watson in neutral zone.
15:13 of 2nd period - Wrist shot by Jerry D'Amigo.
15:13 of 2nd period - Stopped by Troy Grosenick with a rebound.
15:15 of 2nd period - Snap shot by Jerry D'Amigo.
15:15 of 2nd period - Shot Misses the Net.
15:17 of 2nd period - Wrist shot by Jean-Gabriel Pageau.
15:17 of 2nd period - Stopped by Troy Grosenick with a rebound.
15:19 of 2nd period - Snap shot by Jean-Gabriel Pageau.
15:19 of 2nd period - Stopped by Troy Grosenick without a rebound.
15:20 of 2nd period - Jean-Gabriel Pageau wins face-off versus Austin Watson in Falcons zone.
16:02 of 2nd period - Chad Ruhwedel is hit by Carter Camper and loses puck.
16:15 of 2nd period - Backhand shot by Carter Camper.
16:15 of 2nd period - Shot Blocked by Brian Connelly.
16:17 of 2nd period - Slapshot by Bryan Rodney.
16:17 of 2nd period - Stopped by Troy Grosenick with a rebound.
16:44 of 2nd period - Snap shot by Mike Zigomanis.
16:44 of 2nd period - Stopped by Troy Grosenick with a rebound.
16:46 of 2nd period - Wrist shot by Mike Zigomanis.
16:46 of 2nd period - Deflect By Darryl Boyce.
16:46 of 2nd period - Stopped by Troy Grosenick with a rebound.
16:48 of 2nd period - Backhand shot by Mike Zigomanis.
16:48 of 2nd period - Shot Blocked by Chad Ruhwedel.
16:50 of 2nd period - Snap shot by Bryan Rodney.
16:50 of 2nd period - Shot Blocked by Drew Shore.
17:06 of 2nd period - Snap shot by Sven Andrighetto.
17:06 of 2nd period - Stopped by Troy Grosenick without a rebound.
17:07 of 2nd period - Jean-Gabriel Pageau wins face-off versus Austin Watson in Falcons zone.
18:09 of 2nd period - Carter Ashton beats up Chris Thorburn.
18:09 of 2nd period - Penalty to Chris Thorburn for Fighting.
18:09 of 2nd period - Penalty to Carter Ashton for Fighting.
18:10 of 2nd period - Carter Camper wins face-off versus Jordan Weal in Admirals zone.
18:19 of 2nd period - Snap shot by Ryan Bourque.
18:19 of 2nd period - Stopped by Troy Grosenick with a rebound.
18:37 of 2nd period - Bryan Rodney is hit by Tyson Strachan.
19:48 of 2nd period - Minor Penalty to Darryl Boyce for Tripping.
19:49 of 2nd period - Jordan Weal wins face-off versus Jerry D'Amigo in Admirals zone.
19:52 of 2nd period - Snap shot by Drew Shore.
19:52 of 2nd period - Stopped by David LeNeveu with a rebound.
19:54 of 2nd period - Slapshot by Radek Martinek.
19:54 of 2nd period - Shot Misses the Net.
19:56 of 2nd period - Snap shot by Drew Shore.
19:56 of 2nd period - Shot Blocked by Scott Ford.
19:58 of 2nd period - Wrist shot by Drew Shore.
19:58 of 2nd period - Deflect By Mitch Callahan.
19:58 of 2nd period - Shot Misses the Net.
19:58 of 2nd period - Puck is out of play.
19:59 of 2nd period - Jerry D'Amigo wins face-off versus Jordan Weal in Admirals zone.
Goals for this period are 1 for Admirals vs 1 for Falcons.
Shots for this period are 19 for Admirals vs 7 for Falcons.

3rd period


0:01 of 3rd period - Jordan Weal wins face-off versus Jerry D'Amigo in neutral zone.
0:47 of 3rd period - Bryan Rodney is hit by Austin Watson and loses puck.
1:02 of 3rd period - Wrist shot by Quinton Howden.
1:02 of 3rd period - Goal by Quinton Howden - Admirals : 1 - Falcons : 2.
1:03 of 3rd period - Mike Zigomanis wins face-off versus Austin Watson in neutral zone.
1:22 of 3rd period - Snap shot by Mike Zigomanis.
1:22 of 3rd period - Shot Misses the Net.
1:53 of 3rd period - Kevin Connauton is hit by Ryan Bourque and loses puck.
2:07 of 3rd period - Minor Penalty to Farm Player11 for Roughing.
2:08 of 3rd period - Jordan Weal wins face-off versus Jerry D'Amigo in Admirals zone.
2:14 of 3rd period - Wrist shot by Cal O'Reilly.
2:14 of 3rd period - Shot Blocked by Bryan Rodney.
2:16 of 3rd period - Slapshot by Chad Ruhwedel.
2:16 of 3rd period - Shot Blocked by Bryan Rodney.
2:18 of 3rd period - Snap shot by Chad Ruhwedel.
2:18 of 3rd period - Goal by Chad Ruhwedel - Admirals : 1 - Falcons : 3.
2:19 of 3rd period - Jordan Weal wins face-off versus Jean-Gabriel Pageau in neutral zone.
2:38 of 3rd period - Wrist shot by Drew Shore.
2:38 of 3rd period - Shot Blocked by Bryan Rodney.
2:41 of 3rd period - Icing by Scott Ford.
2:42 of 3rd period - Mitch Callahan wins face-off versus Jean-Gabriel Pageau in Admirals zone.
2:45 of 3rd period - Snap shot by Quinton Howden.
2:45 of 3rd period - Shot Misses the Net.
2:47 of 3rd period - Wrist shot by Austin Watson.
2:47 of 3rd period - Shot Blocked by Bryan Rodney.
2:49 of 3rd period - Backhand shot by Brian Connelly.
2:49 of 3rd period - Stopped by David LeNeveu with a rebound.
2:51 of 3rd period - Wrist shot by Austin Watson.
2:51 of 3rd period - Stopped by David LeNeveu without a rebound.
2:52 of 3rd period - Mike Zigomanis wins face-off versus Mitch Callahan in Admirals zone.
3:03 of 3rd period - Nathan McIver is hit by Mitch Callahan and loses puck.
3:27 of 3rd period - Wrist shot by Quinton Howden.
3:27 of 3rd period - Stopped by David LeNeveu without a rebound.
3:28 of 3rd period - Jean-Gabriel Pageau wins face-off versus Jordan Weal in Admirals zone.
3:28 of 3rd period - Jean-Gabriel Pageau is hit by Chris Thorburn.
5:41 of 3rd period - Sven Andrighetto is hit by Brian Connelly and loses puck.
5:54 of 3rd period - Wrist shot by Mike Zigomanis.
5:54 of 3rd period - Stopped by Troy Grosenick without a rebound.
5:55 of 3rd period - Austin Watson wins face-off versus Jean-Gabriel Pageau in Falcons zone.
6:00 of 3rd period - Farm Player43 is hit by Brian Connelly.
6:36 of 3rd period - Minor Penalty to Brian Connelly for Slashing.
6:37 of 3rd period - Mike Zigomanis wins face-off versus Jordan Weal in Falcons zone.
6:38 of 3rd period - Wrist shot by Sven Andrighetto.
6:38 of 3rd period - Stopped by Troy Grosenick with a rebound.
7:01 of 3rd period - Chad Ruhwedel is hit by Sven Andrighetto and loses puck.
7:24 of 3rd period - Chad Ruhwedel is hit by Carter Camper and loses puck.
7:39 of 3rd period - Wrist shot by Jerry D'Amigo.
7:39 of 3rd period - Stopped by Troy Grosenick without a rebound.
7:40 of 3rd period - Carter Camper wins face-off versus Chris Thorburn in Falcons zone.
7:49 of 3rd period - Slapshot by Jerry D'Amigo.
7:49 of 3rd period - Stopped by Troy Grosenick with a rebound.
7:51 of 3rd period - Slapshot by Jerry D'Amigo.
7:51 of 3rd period - Shot Blocked by Kevin Connauton.
8:36 of 3rd period - Penalty to Brian Connelly is over, Brian Connelly is back on ice.
9:35 of 3rd period - Wrist shot by Carter Ashton.
9:35 of 3rd period - Shot Blocked by Jeff Taffe.
9:37 of 3rd period - Snap shot by Farm Player43.
9:37 of 3rd period - Shot Blocked by Kevin Connauton.
10:39 of 3rd period - Snap shot by Matt Ellis.
10:39 of 3rd period - Shot Blocked by Nathan McIver.
10:41 of 3rd period - Snap shot by Matt Ellis.
10:41 of 3rd period - Deflect By Jordan Weal.
10:41 of 3rd period - Stopped by David LeNeveu with a rebound.
10:43 of 3rd period - Slapshot by Tyson Strachan.
10:43 of 3rd period - Shot Blocked by Mike Zigomanis.
10:47 of 3rd period - Wrist shot by Jordan Weal.
10:47 of 3rd period - Shot Blocked by Sven Andrighetto.
10:49 of 3rd period - Snap shot by Drew Shore.
10:49 of 3rd period - Stopped by David LeNeveu with a rebound.
10:51 of 3rd period - Slapshot by Tyson Strachan.
10:51 of 3rd period - Stopped by David LeNeveu with a rebound.
11:40 of 3rd period - Ryan Bourque is hit by Matt Ellis and loses puck.
12:31 of 3rd period - Snap shot by Carter Ashton.
12:31 of 3rd period - Shot Misses the Net.
13:05 of 3rd period - Backhand shot by Chad Ruhwedel.
13:05 of 3rd period - Stopped by David LeNeveu with a rebound.
13:07 of 3rd period - Snap shot by Quinton Howden.
13:07 of 3rd period - Stopped by David LeNeveu with a rebound.
13:09 of 3rd period - Snap shot by Austin Watson.
13:09 of 3rd period - Stopped by David LeNeveu without a rebound.
13:10 of 3rd period - Austin Watson wins face-off versus Jean-Gabriel Pageau in Admirals zone.
13:11 of 3rd period - Snap shot by Quinton Howden.
13:11 of 3rd period - Stopped by David LeNeveu with a rebound.
13:13 of 3rd period - Slapshot by Chad Ruhwedel.
13:13 of 3rd period - Stopped by David LeNeveu without a rebound.
13:14 of 3rd period - Austin Watson wins face-off versus Jean-Gabriel Pageau in Admirals zone.
13:19 of 3rd period - Snap shot by Quinton Howden.
13:19 of 3rd period - Shot Blocked by Scott Ford.
13:30 of 3rd period - Off-side.
13:31 of 3rd period - Carter Camper wins face-off versus Austin Watson in neutral zone.
14:15 of 3rd period - Chad Ruhwedel is hit by Brayden Irwin.
14:29 of 3rd period - Jean-Gabriel Pageau is hit by Jordan Weal and loses puck.
15:11 of 3rd period - Carter Camper is hit by Cal O'Reilly and loses puck.
15:25 of 3rd period - Icing by Carter Camper.
15:26 of 3rd period - Mike Zigomanis wins face-off versus Austin Watson in Admirals zone.
16:25 of 3rd period - Wrist shot by Jerry D'Amigo.
16:25 of 3rd period - Shot Blocked by Chad Ruhwedel.
16:55 of 3rd period - Wrist shot by Carter Camper.
16:55 of 3rd period - Shot Misses the Net.
16:57 of 3rd period - Backhand shot by Scott Ford.
16:57 of 3rd period - Stopped by Troy Grosenick with a rebound.
16:59 of 3rd period - Backhand shot by Carter Ashton.
16:59 of 3rd period - Shot Blocked by Chad Ruhwedel.
17:01 of 3rd period - Wrist shot by Carter Ashton.
17:01 of 3rd period - Shot Blocked by Chad Ruhwedel.
17:13 of 3rd period - Chris Thorburn is hit by Jean-Gabriel Pageau and loses puck.
17:53 of 3rd period - Drew Shore is hit by Ryan Bourque.
18:17 of 3rd period - Ryan Bourque is hit by Mitch Callahan.
18:46 of 3rd period - Minor Penalty to Brian Dumoulin for Hooking.
18:47 of 3rd period - Carter Camper wins face-off versus Jordan Weal in Falcons zone.
18:55 of 3rd period - Slapshot by Jonathan Marchessault.
18:55 of 3rd period - Stopped by Troy Grosenick without a rebound.
18:56 of 3rd period - Carter Camper wins face-off versus Jordan Weal in Falcons zone.
19:41 of 3rd period - Jerry D'Amigo is hit by Jeff Taffe and loses puck.
19:48 of 3rd period - Snap shot by Jonathan Marchessault.
19:48 of 3rd period - Shot Blocked by Jeff Taffe.
Goals for this period are 0 for Admirals vs 2 for Falcons.
Shots for this period are 6 for Admirals vs 13 for Falcons.


Output by the SimonT Hockey Simulator (STHS) for Eric Dolegowski -- Original Page W3C XHTML 1.0 Valid
Hockey Simulator - Hockey Simulation - Hockey Manager